 Dungeon Crawl Stone Soup version 0.19-a0-1719-g84977a8 (webtiles) character file.

51 Crossell the Ogre Mage (level 3, -2/31 HPs)
             Began as an Ogre Fire Elementalist on Sept 29, 2016.
             Slain by plsesad's ghost (5 damage)
             ... on level 3 of the Dungeon.
             The game lasted 00:13:03 (2156 turns).

Crossell the Ogre Mage (Ogre Fire Elementalist)     Turns: 2156, Time: 00:13:03

Health: -2/31      AC:  4    Str: 13    XL:     3   Next: 83%
Magic:  2/7        EV: 10    Int: 15    God:
Gold:   61         SH:  0    Dex: 10    Spells: 3 memorised, 1 level left

rFire  . . .     SeeInvis .     e - +0 mace
rCold  . . .     Gourm    .     k - +0 robe
rNeg   . . .     Faith    .     (no shield)
rPois  .         Spirit   .     (helmet restricted)
rElec  .         Dismiss  .     (no cloak)
rCorr  .         Reflect  .     (gloves unavailable)
MR     .....     Harm     .     (boots unavailable)
Stlth  +.........               (no amulet)
                                (no ring)
                                (no ring)

@: very slightly contaminated
A: unfitting armour, tough skin 1
a: no special abilities


You were on level 3 of the Dungeon.
You were not hungry.

You visited 1 branch of the dungeon, and saw 3 of its levels.

You collected 61 gold pieces.

Inventory:

Hand Weapons
 e - a +0 mace (weapon)
 n - a +0 spear
 p - a +0 falchion
Missiles
 c - 12 poisoned needles (quivered)
 f - 49 stones
 l - 2 throwing nets
Armour
 a - a +0 robe
 k - a +0 robe (worn)
Scrolls
 j - a scroll of blinking
Potions
 d - 2 potions of curing
Books
 b - a book of Flames

   Spells                             Type                      Level
   a - Flame Tongue                   Conjuration/Fire             1
   b - Throw Flame                    Conjuration/Fire             2
   c - Conjure Flame                  Conjuration/Fire             3
   d - Inner Flame                    Hexes/Fire                   3
   e - Sticky Flame                   Conjuration/Fire             4
   f - Fireball                       Conjuration/Fire             5
Comestibles
 g - 2 beef jerkies
 h - 3 fruits
 i - a meat ration


   Skills:
 + Level 1.5 Maces & Flails
 + Level 0.4 Throwing
 + Level 2.1 Dodging
 + Level 1.8 Stealth
 + Level 2.8 Spellcasting
 + Level 1.1 Conjurations
 + Level 2.5 Fire Magic


You had one spell level left.
You knew the following spells:

 Your Spells              Type           Power        Failure   Level  Hunger
a - Flame Tongue          Conj/Fire      #....        12%         1    #......
b - Throw Flame           Conj/Fire      #.....       14%         2    ##.....
c - Conjure Flame         Conj/Fire      #.......     30%         3    ###....


Dungeon Overview and Level Annotations

Branches:
Dungeon (3/15)

Altars:

Annotations:
D:3 plsesad's ghost, amateur HEHu


Innate Abilities, Weirdness & Mutations

You are too large for most types of armour.
You have tough skin. (AC +1)


Message History

Plsesad's ghost hits you. x2
* * * LOW HITPOINT WARNING * * *
You hit plsesad's ghost.
Plsesad's ghost is heavily damaged.
Plsesad's ghost hits you.
* * * LOW HITPOINT WARNING * * *
You closely miss plsesad's ghost.
Plsesad's ghost is heavily damaged.
Plsesad's ghost hits you but does no damage.
You closely miss plsesad's ghost.
Plsesad's ghost is heavily damaged.
Plsesad's ghost barely misses you. Plsesad's ghost hits you.
* * * LOW HITPOINT WARNING * * *
You closely miss plsesad's ghost.
Plsesad's ghost is heavily damaged.
Plsesad's ghost closely misses you.
You miss plsesad's ghost.
Plsesad's ghost is heavily damaged.
Plsesad's ghost hits you.
You die...

### #.#
#<# #.#
#.# #.#
#.# #@#
#W# #r#
...
##...
#.$..
#.....
#......
........


You could see plsesad's ghost and a rat.

Vanquished Creatures
  An adder (D:2)
  A worm (D:2)
  6 giant cockroaches
  3 goblins
  2 hobgoblins (D:1)
  4 jackals (D:2)
  2 ball pythons (D:1)
  4 bats (D:2)
  2 frilled lizards
  8 kobolds
  4 rats
37 creatures vanquished.

Notes
Turn   | Place    | Note
-------+----------+-------------------------------------------
     0 | D:1      | Crossell the Ogre Fire Elementalist began the quest for the Orb.
     0 | D:1      | Reached XP level 1. HP: 16/16 MP: 3/3
   503 | D:1      | Reached XP level 2. HP: 12/24 MP: 0/5
  1470 | D:2      | Reached skill level 1 in Conjurations
  1470 | D:2      | Reached XP level 3. HP: 26/31 MP: 4/7
  1601 | D:2      | Reached skill level 1 in Maces & Flails
  1672 | D:2      | Learned a level 2 spell: Throw Flame
  1676 | D:2      | Learned a level 3 spell: Conjure Flame
  2133 | D:3      | Noticed plsesad's ghost (amateur HEHu)
  2156 | D:3      | Slain by plsesad's ghost

Vault maps used:
D:1:      elethiomel_arrival_quiet, serial_bayou, serial_bayou_pond_e,
          serial_bayou_lagoon_b, serial_bayou_shore_a, serial_bayou_pond_d
D:2:      corexii_leaking_fountain, minmay_tetromino_l4
D:3:      uniq_sigmund, uniq_iyjb

Skill      XL: |  1  2  3 |
---------------+----------+-----
Dodging        | 2 |  2.1
Conjurations   | 1 |  1.1
Maces & Flails | 1 |  1.5
Throwing       | |  0.4
Stealth        | |  1.8
Spellcasting   | |  2.8
Fire Magic     | |  2.5

Action                   || total
-------------------------++-------
Melee: Unarmed           ||    14
       Mace              ||    67
Throw: Stone             ||    22
 Cast: Flame Tongue      ||    46
       Throw Flame       ||     4
  Use: Scroll            ||     5
       Potion            ||     2
  Eat: Bread ration      ||     1
Armor: Robe              ||    41
Dodge: Dodged            ||    80
